[ AOE2 MATCH · #494395434 ]
UnrankedWu vs Turks
Player's team · WIN
Rival team · LOSS
[ REPLAY ANALYSIS · EXTRACTED FROM THE RECORDED GAME ]
Feudal
9:02
Castle
19:57
Imperial
40:07
| APM avg | 79.9 |
| APM peak | 134 |
| eAPM avg | 35.1 |
| Villagers / military | 229 / 188 |
Focus
⚔️ 37.4% · 🌾 62.6%
Archer ×174 · Unknown (1942) ×15 · Unknown (1968) ×11 · Scout Cavalry ×6 · Militia ×3 · Mangonel ×3
Feudal
11:48
Castle
16:08
Imperial
35:41
| APM avg | 35.9 |
| APM peak | 71 |
| eAPM avg | 18.0 |
| Villagers / military | 79 / 118 |
Focus
⚔️ 53.7% · 🌾 46.3%
Janissary ×105 · Bombard Cannon ×11 · Mangonel ×2
Match map
Initial resources + every placement click. Lines = walls · curves = elevation contours. ◆ gold · ⬟ stone · ● berries · ✦ relic · ◌ wall gap
Your base· Open — 7t gap
Sultan Mehmet's base· Open — 2t gap
Smoothed initial terrain · ◌ = detected wall gap · hover for details
Inputs per minute
— 奉天讨贼 Latin America lagge - - Sultan Mehmet
Build order — 奉天讨贼 Latin America lagge
First 150 of 663 actions detected
| 0:06 | Build | Town Center |
| 1:09 | Create | Villager (Male) |
| 1:09 | Create | Villager (Male) |
| 1:11 | Create | Villager (Male) |
| 1:11 | Create | Villager (Male) |
| 1:15 | Build | House |
| 2:18 | Build | Lumber Camp |
| 2:24 | Create | Villager (Male) |
| 2:24 | Create | Villager (Male) |
| 2:42 | Create | Villager (Male) |
| 3:06 | Create | Villager (Male) |
| 3:30 | Build | Mill |
| 3:50 | Create | Villager (Male) |
| 4:01 | Create | Villager (Male) |
| 4:30 | Build | House |
| 4:57 | Create | Villager (Male) |
| 4:57 | Create | Villager (Male) |
| 4:58 | Create | Villager (Male) |
| 5:26 | Create | Villager (Male) |
| 5:26 | Create | Villager (Male) |
| 6:13 | Create | Villager (Male) |
| 6:52 | Research | Feudal Age |
| 6:52 | Research | Feudal Age |
| 7:48 | Create | Villager (Male) |
| 7:58 | Build | Barracks |
| 8:49 | Create | Militia |
| 8:49 | Create | Militia |
| 9:02 | Age | Feudal Age |
| 9:08 | Create | Villager (Male) |
| 9:09 | Create | Villager (Male) |
| 9:11 | Research | Double-Bit Axe |
| 9:29 | Build | Archery Range |
| 9:33 | Create | Villager (Male) |
| 9:51 | Create | Militia |
| 9:57 | Build | Mining Camp |
| 10:06 | Build | House |
| 10:07 | Build | House |
| 10:14 | Create | Archer |
| 10:25 | Build | Watch Tower |
| 10:26 | Create | Villager (Male) |
| 10:26 | Create | Villager (Male) |
| 10:26 | Create | Villager (Male) |
| 10:37 | Create | Archer |
| 10:42 | Create | Villager (Male) |
| 11:00 | Build | Blacksmith |
| 11:02 | Create | Villager (Male) |
| 11:02 | Create | Villager (Male) |
| 11:05 | Create | Archer |
| 11:25 | Create | Archer |
| 11:33 | Create | Archer |
| 11:39 | Build | Farm |
| 11:53 | Research | Man-at-Arms (upgrade) |
| 11:53 | Create | Villager (Male) |
| 12:05 | Build | Farm |
| 12:09 | Create | Villager (Male) |
| 12:20 | Create | Villager (Male) |
| 12:39 | Create | Archer |
| 12:43 | Build | Mining Camp |
| 12:49 | Create | Villager (Male) |
| 12:49 | Create | Villager (Male) |
| 12:53 | Create | Villager (Male) |
| 12:53 | Create | Villager (Male) |
| 13:16 | Create | Archer |
| 13:17 | Create | Archer |
| 13:17 | Create | Villager (Male) |
| 13:34 | Research | Fletching |
| 13:40 | Create | Villager (Male) |
| 13:41 | Create | Villager (Male) |
| 13:45 | Build | Farm |
| 13:46 | Build | Farm |
| 13:47 | Build | Farm |
| 13:56 | Build | Market |
| 14:21 | Research | Arson |
| 14:22 | Create | Villager (Male) |
| 14:23 | Create | Villager (Male) |
| 14:23 | Create | Villager (Male) |
| 14:25 | Build | House |
| 14:29 | Build | Farm |
| 14:44 | Create | Archer |
| 14:45 | Create | Villager (Male) |
| 15:08 | Build | Watch Tower |
| 15:55 | Create | Archer |
| 15:58 | Create | Villager (Male) |
| 16:00 | Build | Farm |
| 16:01 | Build | House |
| 16:04 | Research | Loom |
| 17:17 | Research | Castle Age |
| 17:17 | Research | Castle Age |
| 17:42 | Build | Farm |
| 18:19 | Create | Villager (Male) |
| 18:21 | Build | Archery Range |
| 18:28 | Create | Villager (Male) |
| 18:53 | Create | Archer |
| 19:04 | Build | Watch Tower |
| 19:10 | Create | Archer |
| 19:10 | Create | Archer |
| 19:26 | Build | Archery Range |
| 19:30 | Research | Padded Archer Armor |
| 19:57 | Age | Castle Age |
| 19:59 | Research | Bodkin Arrow |
| 20:07 | Research | Crossbowman (upgrade) |
| 20:25 | Create | Villager (Male) |
| 20:41 | Create | Villager (Male) |
| 20:42 | Create | Villager (Male) |
| 21:02 | Build | Town Center |
| 21:05 | Create | Villager (Male) |
| 21:17 | Create | Villager (Male) |
| 21:39 | Create | Archer |
| 21:39 | Create | Archer |
| 21:39 | Create | Archer |
| 21:46 | Build | House |
| 21:54 | Build | House |
| 21:55 | Build | House |
| 22:09 | Create | Villager (Male) |
| 22:17 | Create | Archer |
| 22:17 | Create | Archer |
| 22:21 | Create | Archer |
| 22:21 | Create | Archer |
| 22:23 | Create | Archer |
| 22:24 | Create | Archer |
| 22:31 | Create | Villager (Male) |
| 22:31 | Create | Villager (Male) |
| 22:47 | Build | Town Center |
| 22:53 | Research | Leather Archer Armor |
| 22:55 | Create | Villager (Male) |
| 22:58 | Create | Villager (Male) |
| 23:19 | Create | Villager (Male) |
| 23:19 | Create | Villager (Male) |
| 23:47 | Build | University |
| 23:54 | Build | Farm |
| 24:06 | Build | Farm |
| 24:07 | Create | Villager (Male) |
| 24:07 | Create | Villager (Male) |
| 24:23 | Create | Archer |
| 24:23 | Create | Archer |
| 24:23 | Create | Archer |
| 24:35 | Build | Farm |
| 24:37 | Build | Farm |
| 24:39 | Build | Farm |
| 24:41 | Build | Farm |
| 24:45 | Create | Villager (Male) |
| 24:45 | Create | Villager (Male) |
| 24:45 | Create | Villager (Male) |
| 24:53 | Create | Villager (Male) |
| 25:30 | Create | Villager (Male) |
| 25:38 | Research | Ballistics |
| 25:39 | Create | Villager (Male) |
| 25:40 | Build | Farm |
| 25:42 | Build | Farm |
| 25:44 | Build | Farm |
Build order — Sultan Mehmet
First 150 of 254 actions detected
| 0:09 | Build | Town Center |
| 1:12 | Create | Villager (Male) ×4 |
| 2:14 | Create | Villager (Male) |
| 2:14 | Create | Villager (Male) |
| 2:33 | Create | Villager (Male) |
| 2:33 | Create | Villager (Male) |
| 3:02 | Create | Villager (Male) |
| 3:02 | Create | Villager (Male) |
| 3:02 | Create | Villager (Male) |
| 3:11 | Build | House |
| 3:12 | Build | House |
| 3:15 | Build | House |
| 3:17 | Build | House |
| 3:33 | Create | Villager (Male) |
| 3:42 | Build | Lumber Camp |
| 4:47 | Create | Villager (Male) |
| 4:47 | Create | Villager (Male) |
| 4:47 | Create | Villager (Male) |
| 4:55 | Research | Loom |
| 4:56 | Create | Villager (Male) |
| 4:56 | Create | Villager (Male) |
| 4:57 | Create | Villager (Male) |
| 5:19 | Build | Palisade Wall |
| 5:22 | Build | Palisade Wall |
| 5:32 | Build | Palisade Wall |
| 6:16 | Create | Villager (Male) |
| 6:16 | Create | Villager (Male) |
| 6:16 | Create | Villager (Male) |
| 6:16 | Create | Villager (Male) |
| 6:27 | Build | Palisade Wall |
| 6:29 | Build | Palisade Wall |
| 6:31 | Build | Palisade Wall |
| 6:50 | Build | Mining Camp |
| 7:34 | Build | Mill |
| 7:47 | Create | Villager (Male) |
| 7:47 | Create | Villager (Male) |
| 7:48 | Create | Villager (Male) |
| 8:49 | Build | Palisade Wall |
| 8:51 | Build | Palisade Wall |
| 8:52 | Build | Palisade Wall |
| 9:13 | Create | Villager (Male) |
| 9:14 | Research | Feudal Age |
| 9:57 | Build | Palisade Wall |
| 9:58 | Build | Palisade Wall |
| 9:59 | Build | Palisade Wall |
| 10:05 | Build | Farm |
| 10:25 | Build | Farm |
| 10:28 | Build | Farm |
| 11:00 | Build | Farm |
| 11:11 | Build | Palisade Wall |
| 11:15 | Build | Palisade Wall |
| 11:48 | Age | Feudal Age |
| 12:01 | Build | Blacksmith |
| 12:05 | Build | Palisade Wall |
| 12:12 | Build | Market |
| 12:18 | Build | Palisade Wall |
| 12:20 | Build | Palisade Wall |
| 12:23 | Create | Villager (Male) |
| 12:23 | Create | Villager (Male) |
| 12:46 | Build | Stone Wall |
| 13:28 | Research | Castle Age |
| 13:55 | Research | Horse Collar |
| 14:50 | Build | Farm |
| 14:52 | Build | Farm |
| 14:53 | Build | Farm |
| 14:54 | Build | Farm |
| 14:56 | Build | Farm |
| 14:56 | Build | Farm |
| 15:11 | Research | Double-Bit Axe |
| 15:18 | Build | Gate |
| 16:08 | Age | Castle Age |
| 16:25 | Build | Castle |
| 17:03 | Create | Villager (Male) |
| 17:04 | Create | Villager (Male) |
| 17:59 | Create | Janissary |
| 18:16 | Create | Janissary |
| 18:16 | Create | Janissary |
| 19:05 | Create | Villager (Male) |
| 19:12 | Create | Janissary |
| 19:29 | Create | Janissary |
| 19:37 | Build | House |
| 19:45 | Create | Janissary |
| 19:51 | Build | Farm |
| 20:04 | Create | Villager (Male) |
| 20:05 | Create | Janissary |
| 20:36 | Create | Villager (Male) |
| 20:44 | Create | Janissary |
| 21:02 | Build | Siege Workshop |
| 21:08 | Create | Villager (Male) |
| 21:22 | Create | Villager (Male) |
| 21:36 | Build | Siege Workshop |
| 21:48 | Build | Stone Wall |
| 21:57 | Create | Janissary |
| 22:03 | Build | Farm |
| 22:12 | Create | Mangonel |
| 22:20 | Create | Villager (Male) |
| 22:25 | Create | Janissary |
| 22:26 | Create | Villager (Male) |
| 22:39 | Create | Janissary |
| 22:44 | Build | Farm |
| 23:26 | Create | Villager (Male) |
| 23:26 | Create | Janissary |
| 23:32 | Build | Farm |
| 23:38 | Build | Stone Wall |
| 23:43 | Create | Villager (Male) |
| 23:59 | Create | Janissary |
| 24:12 | Build | Lumber Camp |
| 24:16 | Build | Farm |
| 24:27 | Create | Janissary |
| 24:37 | Build | Farm |
| 24:55 | Create | Villager (Male) |
| 24:56 | Create | Janissary |
| 25:03 | Build | Stone Wall |
| 25:04 | Build | Stone Wall |
| 25:05 | Build | Stone Wall |
| 25:15 | Create | Villager (Male) |
| 25:21 | Create | Mangonel |
| 25:22 | Create | Villager (Male) |
| 25:42 | Build | Stone Wall |
| 25:46 | Create | Janissary |
| 25:49 | Research | Padded Archer Armor |
| 25:51 | Create | Villager (Male) |
| 25:53 | Build | Farm |
| 26:00 | Build | Farm |
| 26:16 | Build | House |
| 26:17 | Build | House |
| 26:19 | Create | Janissary |
| 26:29 | Create | Janissary |
| 26:57 | Build | Farm |
| 27:01 | Create | Janissary |
| 27:33 | Create | Janissary |
| 27:33 | Create | Janissary |
| 28:08 | Create | Janissary |
| 28:08 | Create | Janissary |
| 28:09 | Create | Villager (Male) |
| 28:09 | Create | Villager (Male) |
| 28:47 | Build | Castle |
| 29:13 | Create | Villager (Male) |
| 29:26 | Create | Villager (Male) |
| 29:53 | Build | House |
| 30:06 | Create | Villager (Male) |
| 30:26 | Build | Mining Camp |
| 32:31 | Research | Imperial Age |
| 32:32 | Research | Imperial Age |
| 33:55 | Build | Stone Wall |
| 34:22 | Create | Janissary ×5 |
| 34:24 | Build | Siege Workshop |
| 35:20 | Create | Janissary |
| 35:20 | Create | Janissary |
| 35:26 | Create | Janissary |
Match timeline
| 5:19 | Sultan Mehmet · wall_segment Palisade Wall x4 |
| 5:22 | Sultan Mehmet · wall_segment Palisade Wall x4 |
| 5:32 | Sultan Mehmet · wall_segment Palisade Wall x6 |
| 6:27 | Sultan Mehmet · wall_segment Palisade Wall x17 |
| 6:29 | Sultan Mehmet · wall_segment Palisade Wall x3 |
| 6:31 | Sultan Mehmet · wall_segment Palisade Wall x1 |
| 7:58 | 奉天讨贼 Latin America lagge · first_building Barracks |
| 8:49 | Sultan Mehmet · wall_segment Palisade Wall x1 |
| 8:51 | Sultan Mehmet · wall_segment Palisade Wall x1 |
| 8:52 | Sultan Mehmet · wall_segment Palisade Wall x1 |
| 9:02 | 奉天讨贼 Latin America lagge · age_up feudal |
| 9:29 | 奉天讨贼 Latin America lagge · first_building Archery Range |
| 9:57 | Sultan Mehmet · wall_segment Palisade Wall x1 |
| 9:58 | Sultan Mehmet · wall_segment Palisade Wall x1 |
| 9:59 | Sultan Mehmet · wall_segment Palisade Wall x1 |
| 11:11 | Sultan Mehmet · wall_segment Palisade Wall x3 |
| 11:15 | Sultan Mehmet · wall_segment Palisade Wall x13 |
| 11:48 | Sultan Mehmet · age_up feudal |
| 12:05 | Sultan Mehmet · wall_segment Palisade Wall x5 |
| 12:18 | Sultan Mehmet · wall_segment Palisade Wall x1 |
| 12:20 | Sultan Mehmet · wall_segment Palisade Wall x1 |
| 12:46 | Sultan Mehmet · wall_segment Stone Wall x5 |
| 16:08 | Sultan Mehmet · age_up castle |
| 16:11 | Sultan Mehmet · first_market_sell 100 food |
| 16:12 | Sultan Mehmet · first_market_buy 100 stone |
| 16:25 | Sultan Mehmet · first_building Castle |
| 16:46 | 奉天讨贼 Latin America lagge · first_market_sell 500 wood |
| 17:07 | 奉天讨贼 Latin America lagge · first_market_buy 100 food |
| 19:57 | 奉天讨贼 Latin America lagge · age_up castle |
| 21:02 | Sultan Mehmet · first_building Siege Workshop |
| 21:48 | Sultan Mehmet · wall_segment Stone Wall x7 |
| 23:38 | Sultan Mehmet · wall_segment Stone Wall x6 |
| 25:03 | Sultan Mehmet · wall_segment Stone Wall x1 |
| 25:04 | Sultan Mehmet · wall_segment Stone Wall x2 |
| 25:05 | Sultan Mehmet · wall_segment Stone Wall x1 |
| 25:42 | Sultan Mehmet · wall_segment Stone Wall x1 |
| 28:08 | 奉天讨贼 Latin America lagge · first_building Castle |
| 29:52 | 奉天讨贼 Latin America lagge · first_building Siege Workshop |
| 33:55 | Sultan Mehmet · wall_segment Stone Wall x1 |
| 35:41 | Sultan Mehmet · age_up imperial |
| 39:03 | 奉天讨贼 Latin America lagge · first_building Monastery |
| 40:07 | 奉天讨贼 Latin America lagge · age_up imperial |
| 52:00 | 奉天讨贼 Latin America lagge · first_building Stable |
| 56:55 | Sultan Mehmet · resign |
[ AI ANALYSIS · 1 CREDIT ]
What really happened in this match?
Wolo.gg analyzes every decision: build order, eco, micro, common mistakes by bracket. Personalized analysis on WhatsApp or Discord in 30 seconds.
Civ guide
Wu
Perfil
Jugador #323219